 Dungeon Crawl Stone Soup version 0.25.1-1-g288607f5aa (webtiles) character file.

Game seed: 8957678299942989324

280 funkygono the Covered (level 6, 0/53 HPs)
             Began as a Minotaur Fighter on July 20, 2020.
             Slain by a gnoll
             ... wielding a +0 whip
              (9 damage)
             ... on level 3 of the Dungeon.
             The game lasted 00:05:36 (2494 turns).

funkygono the Covered (Minotaur Fighter)            Turns: 2494, Time: 00:05:36

Health: 0/53       AC:  7    Str: 22    XL:     6   Next: 5%
Magic:  5/5        EV:  8    Int:  5    God:
Gold:   83         SH: 10    Dex: 10    Spells: 5/5 levels left

rFire    . . .     SeeInvis .   (no weapon)
rCold    . . .     Gourm    .   c - +1 kite shield
rNeg     . . .     Faith    .   b - +0 scale mail
rPois    .         Spirit   .   (helmet restricted)
rElec    .         Reflect  .   (no cloak)
rCorr    .         Harm     .   (no gloves)
MR       .....                  (no boots)
Stlth    ..........             (no amulet)
HPRegen  0.17/turn              (no ring)
MPRegen  0.09/turn              (no ring)

@: lightly drained
A: retaliatory headbutt, horns 2
a: no special abilities


You were on level 3 of the Dungeon.
You were not hungry.

You visited 1 branch of the dungeon, and saw 3 of its levels.

You collected 83 gold pieces.

Inventory:

Hand Weapons
 n - a +3 dire flail
Missiles
 j - 22 sling bullets
 m - 72 stones (quivered)
Armour
 b - a +0 scale mail (worn)
 c - a +1 kite shield (worn)
Scrolls
 i - 4 scrolls of teleportation
Potions
 d - a potion of might
 e - 2 potions of lignification
 g - a potion of flight
 h - a potion of cancellation
 l - a potion of curing {unknown}
 o - a potion of brilliance {unknown}
Comestibles
 f - 7 rations


   Skills:
 + Level 4.7(4.6) Fighting
 + Level 4.5(4.4) Maces & Flails
 + Level 4.9(4.7) Armour
 + Level 2.5(2.3) Dodging
 + Level 4.6(4.4) Shields


You had 5 spell levels left.
You didn't know any spells.
Your spell library was empty.

Dungeon Overview and Level Annotations

Branches:
Dungeon (3/15)

Altars:


Innate Abilities, Weirdness & Mutations

You reflexively headbutt those who attack you in melee.
You have a pair of horns on your head.


Message History

Your headbutt misses the gnoll.
The gnoll is almost dead.
The gnoll hits you but does no damage.
You closely miss the gnoll. Your headbutt misses the gnoll.
The gnoll is almost dead.
You block the gnoll's attack.
You closely miss the gnoll.
The gnoll is almost dead.
The gnoll hits you.
* * * LOW HITPOINT WARNING * * *
You barely miss the gnoll.
The gnoll is almost dead.
You block the gnoll's attack.
You barely miss the gnoll.
The gnoll is almost dead.
You block the gnoll's attack.
You hit the gnoll.
You kill the gnoll!
The gnoll hits you with a +0 whip!
You die...

## .. ###.######
#....@g).#
###.####.########
#..............#
##.####.######.#
###.####.#
#........#
###.###..# #..#
#>.#


You could see a gnoll.

Vanquished Creatures
  4 wights (D:3)
  2 gnolls (D:3)
  4 adders
  An ooze (D:2)
  A worm (D:2)
  2 dart slugs (D:1)
  A leopard gecko (D:1)
  6 bats
  2 giant cockroaches
  7 goblins
  6 hobgoblins
  4 kobolds
  2 quokkas (D:3)
  A ball python (D:3)
  6 frilled lizards
  7 rats
56 creatures vanquished.

Notes
Turn   | Place    | Note
-------+----------+-------------------------------------------
     0 | D:1      | funkygono the Minotaur Fighter began the quest for the Orb.
     0 | D:1      | Reached XP level 1. HP: 19/19 MP: 0/0
   330 | D:1      | Reached XP level 2. HP: 27/27 MP: 1/1
   829 | D:2      | Found a faded altar of an unknown god.
   973 | D:2      | Reached XP level 3. HP: 33/33 MP: 2/2
  1004 | D:2      | Reached skill level 1 in Dodging
  1414 | D:2      | Reached XP level 4. HP: 36/40 MP: 3/3
  2160 | D:3      | Reached XP level 5. HP: 32/46 MP: 4/4
  2483 | D:3      | Reached XP level 6. HP: 18/53 MP: 5/5
  2494 | D:3      | Slain by a gnoll

Illustrated notes

Levels and vault maps discovered:
D:1:      dpeg_arrival_rhombus, layout_basic
D:2:      layout_basic, chequers_ecumenical_altar_simple_redux
D:3:      layout_loops_ring, gup_sewer_entry_bubbles, uniq_sigmund

Skill      XL: |  1  2  3  4  5 |
---------------+----------------+-----
Armour         | 4 |  4.9
Fighting       | 4 |  4.7
Shields        | 4 |  4.6
Maces & Flails | 3 4 |  4.5
Dodging        | 1 2 |  2.5

Action                   |  1- 3 |  4- 6 || total
-------------------------+-------+-------++-------
Melee: Flail             |    96 |    46 ||   142
       Headbutt          |     8 |    12 ||    20
       Unarmed           |       |    50 ||    50
  Use: Scroll            |     1 |     4 ||     5
  Eat: Chunk             |     2 |     3 ||     5
Armor: Scale mail        |    47 |    26 ||    73
Dodge: Dodged            |    31 |    22 ||    53
Block: Kite shield       |    58 |    49 ||   107
